 Dungeon Crawl Stone Soup version 0.21.1-1-g345015f (webtiles) character file.

685 inc the Shield-Bearer (level 7, -8/52 HPs)
             Began as a Formicid Fighter on June 9, 2018.
             Was a Follower of Qazlal.
             Mangled by an ogre
             ... wielding a +0 giant club
              (16 damage)
             ... on level 4 of the Dungeon.
             The game lasted 00:06:32 (3353 turns).

inc the Shield-Bearer (Formicid Fighter)            Turns: 3353, Time: 00:06:33

Health: -8/52      AC:  8    Str: 22    XL:     7   Next: 93%
Magic:  7/7        EV:  9    Int:  8    God:    Qazlal [*.....]
Gold:   259        SH: 15    Dex: 10    Spells: 6/6 levels left

rFire    . . .     SeeInvis +   a - +0 war axe
rCold    . . .     Gourm    .   c - +0 shield
rNeg     . . .     Faith    .   b - +0 scale mail
rPois    .         Spirit   .   (helmet unavailable)
rElec    .         Reflect  +   (no cloak)
rCorr    .         Harm     .   u - +0 pair of gloves
MR       .....                  (no boots)
Stlth    ..........             p - +3 amulet of reflection
HPRegen  0.17/turn              (no ring)
MPRegen  0.10/turn              (no ring)

@: no status effects
A: permanent stasis, dig shafts and tunnels, four strong arms, antennae 3
a: Dig, Shaft Self, Renounce Religion


You were on level 4 of the Dungeon.
You worshipped Qazlal.
Qazlal was aware of your devotion.
You were not hungry.

You visited 1 branch of the dungeon, and saw 4 of its levels.

You collected 259 gold pieces.

Inventory:

Hand Weapons
 a - a +0 war axe (weapon)
Armour
 b - a +0 scale mail (worn)
 c - a +0 shield (worn)
 u - a +0 pair of gloves (worn)
Jewellery
 h - an uncursed amulet of harm
 p - a +3 amulet of reflection (around neck)
Scrolls
 d - a scroll of magic mapping {unknown}
 g - 2 scrolls of immolation {unknown}
 i - 2 scrolls of remove curse {unknown}
 j - 2 scrolls of enchant armour {unknown}
 k - 3 scrolls of teleportation {unknown}
 m - 4 scrolls of identify {unknown}
 q - a scroll of blinking {unknown}
 r - a scroll of fog {unknown}
 s - a scroll of enchant weapon {unknown}
 t - a scroll of amnesia {unknown}
Potions
 e - a potion of flight {unknown}
 l - a potion of agility {unknown}
 n - a potion of invisibility {unknown}
 o - 2 potions of curing
 v - a potion of ambrosia {unknown}
 w - a potion of cancellation {unknown}
Comestibles
 f - 5 rations
 x - a chunk of flesh


   Skills:
 - Level 3.2 Fighting
 + Level 6.3 Axes
 - Level 3.2 Armour
 + Level 7.3 Shields


You had 6 spell levels left.
You didn't know any spells.

Dungeon Overview and Level Annotations

Branches:
Dungeon (4/15)
 Temple: D:4-7

Altars:
Ashenzari
Qazlal
Wu Jian
The Shining One


Innate Abilities, Weirdness & Mutations

You cannot be hasted, slowed, berserked, paralysed or teleported.
You can dig through walls and to a lower floor.
Your four strong arms can wield two-handed weapons with a shield.
You have a pair of large antennae on your head. (SInv)


Message History

You are too injured to fight recklessly!
You are too injured to fight recklessly!
You are too injured to fight recklessly!
You are too injured to fight recklessly!
You are too injured to fight recklessly!
You are too injured to fight recklessly!
You are too injured to fight recklessly!
You are too injured to fight recklessly!
You are too injured to fight recklessly!
You are too injured to fight recklessly!
Unknown command.
You see here 22 stones.
There is a stone staircase leading up here.
Okay, then.
Okay, then.
You hit the ogre but do no damage. The ogre hits you but does no damage.
The worker ant bites you but does no damage.
You barely miss the ogre. You hit the worker ant.
The ogre is struck by lightning.
The ogre hits you with a giant club!
You die...

#.# #.# ###.##
.. #....# ...
#....# #...
#....#.....
#....#...<.
#.@.......
#####aO.##....
#.....(## .
...###..#
........#
###.[.#.#
#.....#
%.......
.........


You could see an ogre and a worker ant.

Vanquished Creatures
  Sigmund (D:2)
  The ghost of HedoNNN the Skirmisher, an amateur HOFi (D:3)
  An ice beast (D:2)
  Terence (D:2)
  Natasha (thrice) (D:2)
  3 gnolls (D:3)
  7 adders
  3 oozes
  2 worms (D:2)
  3 dart slugs (D:3)
  A leopard gecko (D:1)
  5 orcs
  5 giant cockroaches
  10 goblins
  9 hobgoblins
  10 kobolds
  A quokka (D:2)
  5 bats
  5 frilled lizards
  8 rats
84 creatures vanquished.

Notes
Turn   | Place    | Note
-------+----------+-------------------------------------------
     0 | D:1      | inc the Formicid Fighter began the quest for the Orb.
     0 | D:1      | Reached XP level 1. HP: 18/18 MP: 1/1
   219 | D:1      | Reached XP level 2. HP: 6/24 MP: 2/2
   696 | D:1      | Reached XP level 3. HP: 29/29 MP: 3/3
  1012 | D:2      | Noticed Sigmund
  1012 | D:2      | Noticed Terence
  1127 | D:2      | Reached skill level 4 in Shields
  1132 | D:2      | Reached XP level 4. HP: 30/35 MP: 4/4
  1335 | D:2      | Killed Terence
  1620 | D:2      | Noticed Natasha
  1621 | D:2      | Noticed an ice beast
  1642 | D:2      | Killed an ice beast
  1642 | D:2      | Reached skill level 5 in Shields
  1642 | D:2      | Reached XP level 5. HP: 34/41 MP: 5/5
  1645 | D:2      | Killed Natasha
  1645 | D:2      | Reached XP level 6. HP: 33/47 MP: 6/6
  1693 | D:2      | Killed Sigmund
  1693 | D:2      | Reached skill level 5 in Axes
  1693 | D:2      | Reached skill level 6 in Shields
  1693 | D:2      | Reached XP level 7. HP: 44/52 MP: 7/7
  1718 | D:3      | Noticed HedoNNN's ghost (amateur HOFi)
  1731 | D:2      | Found an ornate altar of the Wu Jian Council.
  1881 | D:3      | Found a shattered altar of Ashenzari.
  1960 | D:2      | Found a stormy altar of Qazlal.
  2101 | D:2      | Noticed Natasha
  2117 | D:2      | Killed Natasha
  2151 | D:2      | Noticed Natasha
  2162 | D:2      | Killed Natasha
  2502 | D:2      | Became a worshipper of Qazlal Stormbringer
  3034 | D:3      | Killed HedoNNN's ghost
  3034 | D:3      | Reached * piety under Qazlal
  3034 | D:3      | Reached skill level 7 in Shields
  3192 | D:3      | Found a glowing golden altar of the Shining One.
  3353 | D:4      | Mangled by an ogre

Skill      XL: |  1  2  3  4  5  6  7 |
---------------+----------------------+-----
Axes           | 3 4 5 6 |  6.3
Shields        | 4 5 6 7 |  7.3
Fighting       | |  3.2
Armour         | |  3.2

Action                   |  1- 3 |  4- 6 |  7- 9 || total
-------------------------+-------+-------+-------++-------
Melee: War axe           |    79 |    47 |   164 ||   290
  Use: Potion            |       |     3 |     1 ||     4
  Eat: Chunk             |       |     2 |     6 ||     8
Armor: Scale mail        |    27 |    19 |    46 ||    92
Dodge: Dodged            |    25 |    14 |    52 ||    91
Block: Shield            |    40 |    37 |   153 ||   230
       Reflection        |     2 |     1 |     7 ||    10
